| TOP OF THE 1ST |
|
New York Yankees batting - Pitching for Toronto Blue Jays : RHP C.J. Edwards
|
|
Pitching: RHP C.J. Edwards
|
|
|
Batting: RHB Tyrone Taylor
|
0-0: Ball 1-0: Called Strike 1-1: Foul Ball, location: 2F 1-2: Foul Ball, location: 7LMFF 1-2: Ball 2-2: Ground out 3-1 (Groundball, 34, EV 100.6 MPH)
|
|
Batting: LHB Luis Torrealba
|
0-0: Ball 1-0: Ball 2-0: Foul Ball, location: 7LDF 2-1: Called Strike 2-2: Fly out, F7 (Flyball, 7, EV 91.3 MPH)
|
|
Batting: SHB Jonah Heim
|
0-0: Called Strike 0-1: Called Strike 0-2: SINGLE (Groundball, 34D, EV 95.6 MPH)
|
|
Batting: RHB David Carrasco
|
0-0: Ball 1-0: Foul Ball, location: 5F 1-1: Ball 2-1: Swinging Strike 2-2: Strikes out looking
|
| Top of the 1st over - 0 runs, 1 hit, 0 errors, 1 left on base; New York 0 - Toronto 0 |
| BOTTOM OF THE 1ST |
|
Toronto Blue Jays batting - Pitching for New York Yankees : LHP Helmis Rodriguez
|
|
Pitching: LHP Helmis Rodriguez
|
|
|
Batting: SHB Maake Arnold
|
0-0: SINGLE (Line Drive, 9S, EV 108.1 MPH)
|
|
Batting: RHB Anthony Rendon
|
0-0: Ball 1-0: Ball 2-0: Grounds into double play, 4-6-3 (Groundball, 34, EV 102.5 MPH)
|
|
Batting: RHB C.J. Cron
|
0-0: Ball 1-0: Ball 2-0: Swinging Strike 2-1: Ground out 6-3 (Groundball, 6, EV 95.6 MPH)
|
| Bottom of the 1st over - 0 runs, 1 hit, 0 errors, 0 left on base; New York 0 - Toronto 0 |
| TOP OF THE 2ND |
|
New York Yankees batting - Pitching for Toronto Blue Jays : RHP C.J. Edwards
|
|
Batting: RHB Li-Jen Chu
|
0-0: Fly out, F8 (Line Drive, 8LS, EV 90.6 MPH)
|
|
Batting: RHB Israel Ávila
|
0-0: Swinging Strike 0-1: Ball 1-1: DOUBLE (Groundball, 5L, EV 97.5 MPH)
|
|
Batting: RHB Joe Wallace
|
0-0: Called Strike 0-1: Ball 1-1: Ball 2-1: Foul Ball, location: 2F 2-2: Ball 3-2: Strikes out swinging
|
|
Batting: RHB Oscar Price
|
0-0: Called Strike 0-1: Foul Ball, location: 2F 0-2: Strikes out swinging
|
| Top of the 2nd over - 0 runs, 1 hit, 0 errors, 1 left on base; New York 0 - Toronto 0 |
| BOTTOM OF THE 2ND |
|
Toronto Blue Jays batting - Pitching for New York Yankees : LHP Helmis Rodriguez
|
|
Batting: LHB Rintaro Ikeda
|
0-0: Ball 1-0: Ball 2-0: SINGLE (Line Drive, 9S, EV 104.4 MPH)
|
|
Batting: RHB Marcell Ozuna
|
0-0: Called Strike 0-1: Ball 1-1: Ball 2-1: Called Strike 2-2: Ball 3-2: Strikes out swinging
|
|
Batting: SHB Yasmani Grandal
|
0-0: Ball 1-0: Ball 2-0: Called Strike 2-1: Called Strike 2-2: Foul Ball, location: 2F 2-2: Hit by Pitch Rintaro Ikeda to second
|
|
Batting: RHB Josh Morgan
|
0-0: Fly out, F9 (Flyball, 89M, EV 83.1 MPH)
|
|
Batting: LHB Rob Holt
|
0-0: Foul Ball, location: 2F 0-1: Called Strike 0-2: Strikes out swinging
|
| Bottom of the 2nd over - 0 runs, 1 hit, 0 errors, 2 left on base; New York 0 - Toronto 0 |
| TOP OF THE 3RD |
|
New York Yankees batting - Pitching for Toronto Blue Jays : RHP C.J. Edwards
|
|
Batting: RHB Jorge Salinas
|
0-0: Called Strike 0-1: Called Strike 0-2: Ball 1-2: Ball 2-2: Ground out 6-3 (Groundball, 6S, EV 83.1 MPH)
|
|
Batting: RHB Tyrone Taylor
|
0-0: Called Strike 0-1: Foul Ball, location: 9LSF 0-2: Ball 1-2: Ball 2-2: Ball 3-2: Strikes out swinging
|
|
Batting: LHB Luis Torrealba
|
0-0: Ball 1-0: Called Strike 1-1: Foul Ball, location: 9LSFF 1-2: Ground out U3 (Groundball, 3L, EV 90.0 MPH)
|
| Top of the 3rd over - 0 runs, 0 hits, 0 errors, 0 left on base; New York 0 - Toronto 0 |
| BOTTOM OF THE 3RD |
|
Toronto Blue Jays batting - Pitching for New York Yankees : LHP Helmis Rodriguez
|
|
Batting: LHB Nick Gordon
|
0-0: Ball 1-0: Ground out 4-3 (Groundball, 4, EV 85.0 MPH)
|
|
Batting: SHB Maake Arnold
|
0-0: Ball 1-0: TRIPLE (Flyball, 89D, EV 110.6 MPH)
|
|
Batting: RHB Anthony Rendon
|
0-0: Swinging Strike 0-1: Ball 1-1: Ball 2-1: DOUBLE (Line Drive, 3D, EV 95.6 MPH) Maake Arnold scores
|
|
Batting: RHB C.J. Cron
|
0-0: Ground out 5-3 (Groundball, 56S, EV 71.3 MPH) Anthony Rendon to third
|
|
Batting: LHB Rintaro Ikeda
|
0-0: Called Strike 0-1: Ball 1-1: Swinging Strike 1-2: Ball 2-2: Ground out U3 (Groundball, 34, EV 103.8 MPH)
|
| Bottom of the 3rd over - 1 run, 2 hits, 0 errors, 1 left on base; New York 0 - Toronto 1 |
| TOP OF THE 4TH |
|
New York Yankees batting - Pitching for Toronto Blue Jays : RHP C.J. Edwards
|
|
Batting: SHB Jonah Heim
|
0-0: Ball 1-0: Foul Ball, location: 3F 1-1: Foul Ball, location: 5SF 1-2: Ball 2-2: Ball 3-2: Ground out 5-3 (Groundball, 56S, EV 86.9 MPH)
|
|
Batting: RHB David Carrasco
|
0-0: Ball 1-0: Called Strike 1-1: Swinging Strike 1-2: SOLO HOME RUN (Flyball, 78XD, EV 97.5 MPH), Distance : 403 ft
|
|
Batting: RHB Li-Jen Chu
|
0-0: Called Strike 0-1: Ball 1-1: Foul Ball, location: 3F 1-2: Strikes out looking
|
|
Batting: RHB Israel Ávila
|
0-0: Ball 1-0: Swinging Strike 1-1: Foul Ball, location: 5FF 1-2: Fly out, F8 (Flyball, 8RD, EV 95.0 MPH)
|
| Top of the 4th over - 1 run, 1 hit, 0 errors, 0 left on base; New York 1 - Toronto 1 |
| BOTTOM OF THE 4TH |
|
Toronto Blue Jays batting - Pitching for New York Yankees : LHP Helmis Rodriguez
|
|
Batting: RHB Marcell Ozuna
|
0-0: Ball 1-0: Ball 2-0: Ball 3-0: Base on Balls
|
|
Batting: SHB Yasmani Grandal
|
0-0: Called Strike 0-1: Ball 1-1: Ball 2-1: Foul Ball, location: 2F 2-2: SINGLE (Line Drive, 7S, EV 89.4 MPH) Marcell Ozuna to second
|
|
Batting: RHB Josh Morgan
|
0-0: Ball 1-0: Foul Ball, location: 3FF 1-1: Ball 2-1: Ball 3-1: SINGLE (Line Drive, 6D, EV 98.1 MPH) Marcell Ozuna to third Yasmani Grandal to second
|
|
Batting: LHB Rob Holt
|
0-0: Ball 1-0: Ball 2-0: SINGLE (Groundball, 4MD, EV 101.3 MPH) Marcell Ozuna scores Yasmani Grandal to third Josh Morgan to second Runner from 3rd tries for Home, SAFE, throw by CF to home Josh Morgan to third Rob Holt to second
|
|
Batting: LHB Nick Gordon
|
0-0: Ball 1-0: SINGLE (Groundball, 34D, EV 98.1 MPH) Josh Morgan scores Rob Holt to third Runner from 3rd tries for Home, throw by RF and OUT! 9-2
|
|
Batting: SHB Maake Arnold
|
0-0: Called Strike 0-1: Called Strike 0-2: Ball 1-2: Ball 2-2: Ball 3-2: DOUBLE (Groundball, 5L, EV 105.0 MPH) Nick Gordon to third Nick Gordon scores
|
|
Pitching: RHP Jonathan Rice
|
|
|
Batting: RHB Anthony Rendon
|
0-0: Ball 1-0: Ball Maake Arnold steals 3rd base 2-0: Called Strike 2-1: Foul Ball, location: 2F 2-2: Ball 3-2: Fly out, F8 (Line Drive, 8RM, EV 85.0 MPH) Runner from 3rd tags up, SCORES, throw by CF
|
|
Batting: RHB C.J. Cron
|
0-0: Ball 1-0: Ground out 5-3 (Groundball, 56S, EV 84.4 MPH)
|
| Bottom of the 4th over - 5 runs, 5 hits, 0 errors, 0 left on base; New York 1 - Toronto 6 |
| TOP OF THE 5TH |
|
New York Yankees batting - Pitching for Toronto Blue Jays : RHP C.J. Edwards
|
|
Batting: RHB Joe Wallace
|
0-0: Swinging Strike 0-1: Ball 1-1: Ball 2-1: Ball 3-1: Swinging Strike 3-2: Foul Ball, location: 9LMF 3-2: Foul Ball, location: 2F 3-2: Foul Ball, location: 9LMF 3-2: Strikes out swinging
|
|
Batting: RHB Oscar Price
|
0-0: SINGLE (Flyball, 34D, EV 95.6 MPH)
|
|
Batting: RHB Jorge Salinas
|
0-0: Called Strike 0-1: Ball 1-1: Ball 2-1: Ball 3-1: Base on Balls Oscar Price to second
|
|
Batting: RHB Tyrone Taylor
|
0-0: Ball 1-0: Swinging Strike 1-1: Swinging Strike 1-2: Ball 2-2: Foul Ball, location: 3SF 2-2: Ball 3-2: Foul Ball, location: 3F 3-2: Base on Balls Oscar Price to third Jorge Salinas to second
|
|
Batting: LHB Luis Torrealba
|
0-0: Ball 1-0: SINGLE (Line Drive, 78S, EV 103.8 MPH) Oscar Price scores Jorge Salinas to third Tyrone Taylor to second
|
|
Batting: SHB Jonah Heim
|
0-0: Grounds into fielders choice 1-2 (Groundball, 34S, EV 65.6 MPH) Tyrone Taylor to third Luis Torrealba to second
|
|
Batting: RHB David Carrasco
|
0-0: Fly out, F7 (Flyball, 78S, EV 94.4 MPH)
|
| Top of the 5th over - 1 run, 2 hits, 0 errors, 3 left on base; New York 2 - Toronto 6 |
| BOTTOM OF THE 5TH |
|
Toronto Blue Jays batting - Pitching for New York Yankees : RHP Jonathan Rice
|
|
Batting: LHB Rintaro Ikeda
|
0-0: Ground out U3 (Groundball, 3, EV 88.8 MPH)
|
|
Batting: RHB Marcell Ozuna
|
0-0: Called Strike 0-1: Ball 1-1: Ball 2-1: Ball 3-1: Ground out 5-3 (Groundball, 56, EV 109.4 MPH)
|
|
Batting: SHB Yasmani Grandal
|
0-0: Ball 1-0: Ball 2-0: Ball 3-0: Base on Balls
|
|
Batting: RHB Josh Morgan
|
0-0: Called Strike 0-1: Ball 1-1: Ball 2-1: Called Strike 2-2: Foul Ball, location: 3DF 2-2: SINGLE (Line Drive, 5D, EV 96.3 MPH) Yasmani Grandal to second
|
|
Batting: LHB Rob Holt
|
0-0: Ball 1-0: Ball 2-0: Foul Ball, location: 3F 2-1: Foul Ball, location: 25F 2-2: Strikes out swinging
|
| Bottom of the 5th over - 0 runs, 1 hit, 0 errors, 2 left on base; New York 2 - Toronto 6 |
| TOP OF THE 6TH |
|
New York Yankees batting - Pitching for Toronto Blue Jays : RHP C.J. Edwards
|
|
Pitching: RHP Lazaro Leyva
|
|
|
Batting: RHB Li-Jen Chu
|
0-0: Fly out, F4 (Popup, 4, EV 79.4 MPH)
|
|
Batting: RHB Israel Ávila
|
0-0: Ball 1-0: Foul Ball, location: 2F 1-1: Called Strike 1-2: Ball 2-2: Ball 3-2: Strikes out swinging
|
|
Batting: RHB Joe Wallace
|
0-0: Called Strike 0-1: SINGLE (Line Drive, 78S, EV 91.9 MPH)
|
|
Batting: RHB Oscar Price
|
0-0: DOUBLE (Line Drive, 78M, EV 106.3 MPH) Joe Wallace to third
|
|
Batting: RHB Jorge Salinas
|
0-0: Called Strike 0-1: Swinging Strike 0-2: Strikes out swinging
|
| Top of the 6th over - 0 runs, 2 hits, 0 errors, 2 left on base; New York 2 - Toronto 6 |
| BOTTOM OF THE 6TH |
|
Toronto Blue Jays batting - Pitching for New York Yankees : RHP Jonathan Rice
|
|
Batting: LHB Nick Gordon
|
0-0: Ball 1-0: Ball 2-0: Called Strike 2-1: Foul Ball, location: 5SF 2-2: Foul Ball, location: 2F 2-2: Foul Ball, location: 2F 2-2: SINGLE (Line Drive, 6D, EV 105.0 MPH)
|
|
Batting: SHB Maake Arnold
|
0-0: Called Strike 0-1: Foul Ball, location: 2F 0-2: Ball 1-2: Foul Ball, location: 2RF 1-2: Ball 2-2: Ball 3-2: DOUBLE (Line Drive, 5D, EV 106.9 MPH) Nick Gordon to third
|
|
Batting: RHB Anthony Rendon
|
0-0: Intentional Walk
|
|
Batting: RHB C.J. Cron
|
0-0: Called Strike 0-1: GRAND SLAM HOME RUN (Flyball, 7LD, EV 92.5 MPH), Distance : 347 ft
|
|
Batting: LHB Rintaro Ikeda
|
0-0: Swinging Strike 0-1: Swinging Strike 0-2: Ball 1-2: Ball 2-2: Foul Ball, location: 2LF 2-2: Ground out U3 (Groundball, 34, EV 88.1 MPH)
|
|
Pitching: RHP Dan Ibarra
|
|
|
Batting: RHB Marcell Ozuna
|
0-0: Called Strike 0-1: Ball 1-1: Ball 2-1: SINGLE (Line Drive, 9LS, EV 93.1 MPH)
|
|
Batting: SHB Yasmani Grandal
|
0-0: Called Strike 0-1: Fielders Choice at 2nd, U6 (Groundball, 4M, EV 79.4 MPH)
|
|
Batting: RHB Josh Morgan
|
0-0: Called Strike 0-1: Ball 1-1: Fielders Choice at 2nd, 6-4 (Groundball, 6, EV 90.6 MPH)
|
| Bottom of the 6th over - 4 runs, 4 hits, 0 errors, 1 left on base; New York 2 - Toronto 10 |
| TOP OF THE 7TH |
|
New York Yankees batting - Pitching for Toronto Blue Jays : RHP Lazaro Leyva
|
|
Batting: RHB Tyrone Taylor
|
0-0: Ball 1-0: Foul Ball, location: 3DF 1-1: Foul Ball, location: 2F 1-2: Ball 2-2: Foul Ball, location: 2F 2-2: Foul Ball, location: 2F 2-2: Foul Ball, location: 2F 2-2: Ground out 4-3 (Groundball, 34D, EV 98.1 MPH)
|
|
Batting: LHB Luis Torrealba
|
0-0: Ball 1-0: Foul Ball, location: 7LSF 1-1: Foul Ball, location: 5DF 1-2: Ball 2-2: Ground out 5-3 (Groundball, 5, EV 105.0 MPH)
|
|
Batting: SHB Jonah Heim
|
0-0: SOLO HOME RUN (Flyball, 78XD, EV 101.3 MPH), Distance : 401 ft
|
|
Batting: RHB David Carrasco
|
0-0: Ball 1-0: Ball 2-0: Ball 3-0: Called Strike 3-1: Foul Ball, location: 25FF 3-2: Strikes out swinging
|
| Top of the 7th over - 1 run, 1 hit, 0 errors, 0 left on base; New York 3 - Toronto 10 |
| BOTTOM OF THE 7TH |
|
Toronto Blue Jays batting - Pitching for New York Yankees : RHP Dan Ibarra
|
|
Batting: LHB Rob Holt
|
0-0: SINGLE (Line Drive, 78M, EV 91.3 MPH)
|
|
Batting: LHB Nick Gordon
|
0-0: Ball 1-0: Ball 2-0: Called Strike 2-1: Ball 3-1: Called Strike 3-2: Fly out, F7 (Flyball, 78D, EV 105.0 MPH)
|
|
Batting: SHB Maake Arnold
|
0-0: Ball 1-0: Ball 2-0: Called Strike 2-1: Ball 3-1: Fly out, F7 (Line Drive, 7S, EV 91.9 MPH)
|
|
Batting: RHB Anthony Rendon
|
0-0: Ball Wild Pitch! Rob Holt to second 1-0: Called Strike 1-1: Called Strike 1-2: Ball 2-2: Foul Ball, location: 2F 2-2: Strikes out swinging
|
| Bottom of the 7th over - 0 runs, 1 hit, 0 errors, 1 left on base; New York 3 - Toronto 10 |
| TOP OF THE 8TH |
|
New York Yankees batting - Pitching for Toronto Blue Jays : RHP Lazaro Leyva
|
|
Pitching: RHP Kevin Hunt
|
|
|
Batting: RHB Li-Jen Chu
|
0-0: Called Strike 0-1: Swinging Strike 0-2: Foul Ball, location: 2F 0-2: Foul Ball, location: 5SF 0-2: Ball 1-2: SINGLE (Line Drive, 8RS, EV 98.1 MPH)
|
|
Batting: RHB Israel Ávila
|
0-0: Ball 1-0: Ball 2-0: Ball 3-0: Called Strike 3-1: Grounds into double play, 5-4-3 (Groundball, 56S, EV 87.5 MPH)
|
|
Pinch Hitting: LHB Juan García
|
0-0: Called Strike 0-1: Ball 1-1: Ball 2-1: Called Strike 2-2: Strikes out looking
|
| Top of the 8th over - 0 runs, 1 hit, 0 errors, 0 left on base; New York 3 - Toronto 10 |
| BOTTOM OF THE 8TH |
|
Toronto Blue Jays batting - Pitching for New York Yankees : RHP Dan Ibarra
|
|
Now in RF: Juan García
|
|
|
Batting: RHB C.J. Cron
|
0-0: Called Strike 0-1: Ball 1-1: Fly out, F4 (Popup, 34S, EV 83.8 MPH)
|
|
Batting: LHB Rintaro Ikeda
|
0-0: Foul Ball, location: 2LF, Error on foul ball, E2 0-1: Swinging Strike 0-2: Strikes out swinging
|
|
Batting: RHB Marcell Ozuna
|
0-0: Ball 1-0: Called Strike 1-1: Ball 2-1: Ball 3-1: Called Strike 3-2: Fly out, F7 (Flyball, 7D, EV 106.9 MPH)
|
| Bottom of the 8th over - 0 runs, 0 hits, 1 error, 0 left on base; New York 3 - Toronto 10 |
| TOP OF THE 9TH |
|
New York Yankees batting - Pitching for Toronto Blue Jays : RHP Kevin Hunt
|
|
Batting: RHB Oscar Price
|
0-0: Ball 1-0: Ball 2-0: SINGLE (Line Drive, 4M, EV 106.9 MPH)
|
|
Batting: RHB Jorge Salinas
|
0-0: Ball 1-0: Called Strike 1-1: Ball 2-1: Fielders Choice at 2nd, 6-4 (Groundball, 56, EV 82.5 MPH)
|
|
Batting: RHB Tyrone Taylor
|
0-0: Ball 1-0: Foul Ball, location: 2F 1-1: Foul Ball, location: 2F 1-2: Strikes out looking
|
|
Batting: LHB Luis Torrealba
|
0-0: Fly out, F4 (Popup, 4M, EV 42.5 MPH)
|
| Top of the 9th over - 0 runs, 1 hit, 0 errors, 1 left on base; New York 3 - Toronto 10 |
|